Senators vs Monsters

Created - Wednesday, November 05, 2014 at 23:06

Goals
1 2 3 T
Senators 3 0 3 6
Monsters 0 1 0 1
Shots
1 2 3 T
Senators 9 7 9 25
Monsters 11 10 12 33

1st period

1. Senators , Colton Orr 2 (Josh Leivo, Greg Pateryn) at 5:20
2. Senators , Greg Pateryn 2 (Emerson Etem, Brad Ross) at 8:28
3. Senators , Mike Brown 6 (Josh Leivo) at 17:56 (PP)

Penalties :
Farm Player3 (BIN) for Roughing (Minor) at 2:09, Colton Orr (BIN) for Tripping (Minor) at 8:33, Farm Player13 (LAM) for Interference (Minor) at 16:14, Matthew Corrente (LAM) for Hooking (Minor) at 18:03

2nd period

4. Monsters , Taylor Fedun 1 (Farm Player27, Farm Player72) at 4:24

Penalties :
Paul Bissonnette (LAM) for Fighting (Major) at 1:26, David Broll (BIN) for Fighting (Major) at 1:26, Andrej Nestrasil (LAM) for Fighting (Major) at 6:11, Mike Brown (BIN) for Fighting (Major) at 6:11, Andrej Nestrasil (LAM) for instigated a fight (Minor) at 6:11, Andrej Nestrasil (LAM) for instigated a fight (10 Minutes Misconduct) at 6:11, Mike Mottau (LAM) for Hooking (Minor) at 14:03

3rd period

5. Senators , Evan Trupp 1 (Colton Orr, Josh Leivo) at 5:29
6. Senators , Colton Orr 3 (Josh Leivo, Alex Petrovic) at 14:38
7. Senators , Colton Orr 4 (Josh Leivo, Evan Trupp) at 18:05

Penalties :
Mike Brown (BIN) for Interference (Minor) at 0:43, Taylor Fedun (LAM) for Fighting (Major) at 3:03, Mike Brown (BIN) for Fighting (Major) at 3:03, Mike Brown (BIN) for instigated a fight (Minor) at 3:03, Mike Brown (BIN) for instigated a fight (10 Minutes Misconduct) at 3:03, Matthew Corrente (LAM) for Fighting (Major) at 5:30, Colton Orr (BIN) for Fighting (Major) at 5:30, Emerson Etem (BIN) for Roughing (Double Minor) at 6:48, Colton Orr (BIN) for Tripping (Minor) at 12:27, Alex Petrovic (BIN) for Holding (Minor) at 15:26, Matthew Corrente (LAM) for Fighting (Major) at 18:06, Greg Pateryn (BIN) for Fighting (Major) at 18:06, Greg Pateryn (BIN) for instigated a fight (Minor) at 18:06, Greg Pateryn (BIN) for instigated a fight (10 Minutes Misconduct) at 18:06

Goalie Stats

Jean-Francois Berube (BIN), 32 saves from 33 shots - (0.970), W, 7-5-2, 60:00 minutes
Farm Player80 (LAM), 4 saves from 6 shots - (0.667), 14:31 minutes
Farm Player100 (LAM), 15 saves from 19 shots - (0.789), L, 0-4-0, 45:29 minutes

Players Stats for Senators

Player Name              G  A  P  +/- PIM S  H  SB GA TA FO     MP     PP MP  PK MP  
------------------------------------------------------------------------------------
Alex Petrovic            0  1  1   1  2   0  2  0  0  0  0/0     9:53   0:00   0:00 
Andrew MacWilliam        0  0  0   1  0   1  0  0  1  1  0/0     9:38   0:00   0:00 
Brad Ross                0  1  1   1  0   0  0  1  2  0  0/0     5:41   0:00   0:00 
Colton Orr               3  1  4   4  9   7  1  1  5  0  1/2    17:22   3:27   2:17 
David Broll              0  0  0   0  5   0  0  0  0  2  4/6    15:11   0:00   7:21 
Emerson Etem             0  1  1   1  4   1  1  0  4  1  1/10   23:58   3:08   8:01 
Evan Trupp               1  1  2   4  0   3  1  0  0  2  8/16   15:56   3:27   0:52 
Farm Player3             0  0  0  -1  2   0  0  0  0  0  2/7    13:35   0:00   5:11 
Greg Pateryn             1  1  2   2  17  3  2  2  2  2  0/0    21:31   3:16   8:04 
Jesse Blacker            0  0  0   2  0   1  0  3  0  1  0/0    21:32   3:16   8:04 
Joe Finley               0  0  0   0  0   0  0  0  0  0  0/0     2:34   0:00   0:00 
Josh Leivo               0  5  5   4  0   3  1  0  1  2  0/0    17:47   3:27   2:22 
Kenny Ryan               0  0  0  -1  0   0  0  0  4  0  0/0    10:39   1:42   0:07 
Korbinian Holzer         0  0  0   1  0   0  0  3  2  1  0/0    26:16   4:23   9:42 
Martin St. Pierre        0  0  0   0  0   0  0  1  0  1  7/12   18:55   4:12   5:34 
Mike Brown               1  0  1   0  24  2  2  1  2  1  0/1    15:11   3:05   3:54 
Steve Eminger            0  0  0   1  0   4  0  2  3  3  0/0    28:50   4:23   9:42 
Tyler Biggs              0  0  0   0  0   0  0  0  0  0  0/0     7:41   0:29   0:00 

Players Stats for Monsters

Player Name              G  A  P  +/- PIM S  H  SB GA TA FO     MP     PP MP  PK MP  
------------------------------------------------------------------------------------
Andrej Nestrasil         0  0  0   0  17  1  3  0  3  1  0/1    16:03   8:47   0:44 
Andrew Joudrey           0  0  0  -1  0   5  0  2  1  0  9/14   17:48   8:52   0:00 
Benn Ferriero            0  0  0   0  0   1  1  1  6  3  4/7    23:54   8:47   4:46 
Brett Hextall            0  0  0  -2  0   1  2  0  3  0  0/0     9:37   0:00   2:14 
Farm Player12            0  0  0  -4  0   0  0  2  0  0  0/0    17:13   4:02   0:19 
Farm Player13            0  0  0  -3  2   0  0  3  0  1  0/0    14:50   0:46   2:25 
Farm Player18            0  0  0   0  0   2  1  1  1  1  0/1     7:43   0:00   0:00 
Farm Player27            0  1  1   0  0   0  1  0  0  0  0/0     7:43   0:00   0:00 
Farm Player72            0  1  1   0  0   0  0  0  0  0  2/7     7:43   0:00   0:00 
Gleason Fournier         0  0  0   0  0   0  2  4  0  5  0/0    23:31   9:09   4:16 
Matthew Corrente         0  0  0   0  12  0  2  0  0  2  0/0    19:15   6:27   2:28 
Max Friberg              0  0  0  -1  0   5  1  0  5  1  0/0    20:33   8:52   2:12 
Mike Mottau              0  0  0  -2  2   2  2  2  0  0  0/0    25:21   8:37   2:46 
Paul Bissonnette         0  0  0  -1  5   3  2  0  4  0  0/0    16:18   8:06   0:33 
Raphael Bussieres        0  0  0  -2  0   2  0  0  0  0  0/0    10:43   0:46   0:00 
T.J. Hensick             0  0  0   0  0   2  2  1  3  1  13/19  24:11   8:47   5:03 
Tanner Richard           0  0  0  -3  0   2  0  0  0  1  3/5     7:39   0:07   0:00 
Taylor Fedun             1  0  1  -1  5   7  1  2  1  1  0/0    22:41   6:45   3:23 

3 Stars

1 - Josh Leivo (BIN)
2 - Colton Orr (BIN)
3 - Evan Trupp (BIN)

Power Play

Senators - 1 on 4 Attempt(s) - 25.00%
Monsters - 0 on 9 Attempt(s) - 0.00%

Penalty Kill

Senators - 9 on 9 Attempt(s) - 100.00% - Score 0 goal in Penalty Kill
Monsters - 3 on 4 Attempt(s) - 75.00% - Score 0 goal in Penalty Kill

Official

Referees : Unknown
Linesman : Unknown

Game Notes

Paul Bissonnette and David Broll fight to a draw at 1:26 of 2nd period
Andrej Nestrasil and Mike Brown fight to a draw at 6:11 of 2nd period
Taylor Fedun and Mike Brown fight to a draw at 3:03 of 3rd period
Farm Player80 enters game at 5:29 of 3rd period
Colton Orr beats up Matthew Corrente at 5:30 of 3rd period
Colton Orr has scored a Hat Trick!
Greg Pateryn beats up Matthew Corrente at 18:06 of 3rd period

Finance

Level 1 -- Attendance: 1563 (78.15%) -- Ticket Income $54,705
Level 2 -- Attendance: 705 (70.50%) -- Ticket Income $10,575
Total Attendance: 2268 (75.60%)
Total Ticket Income: $65,280
Other Income: $31,987
Total Income: $97,267

Senators

5 vs 5 Forward 
   Center                   Left Wing                Right Wing               Time % Phy DF OF 
 1 Martin St. Pierre        Emerson Etem             Mike Brown               35     1   2  2  
 2 Evan Trupp               Josh Leivo               Colton Orr               30     1   2  2  
 3 Farm Player3             David Broll              Kenny Ryan               22     1   2  2  
 4 Emerson Etem             Brad Ross                Tyler Biggs              13     1   2  2  

5 vs 5 Defense 
   Defense                  Defense                                           Time % Phy DF OF 
 1 Steve Eminger            Korbinian Holzer                                  35     1   2  2  
 2 Greg Pateryn             Jesse Blacker                                     30     1   2  2  
 3 Alex Petrovic            Andrew MacWilliam                                 22     1   2  2  
 4 Joe Finley               Steve Eminger                                     13     1   2  2  

PowerPlay Forward 
   Center                   Left Wing                Right Wing               Time % Phy DF OF 
 1 Martin St. Pierre        Emerson Etem             Mike Brown               60     1   2  2  
 2 Evan Trupp               Josh Leivo               Colton Orr               40     1   2  2  

PowerPlay Defense
   Defense                  Defense                                           Time % Phy DF OF 
 1 Steve Eminger            Korbinian Holzer                                  60     1   2  2  
 2 Greg Pateryn             Jesse Blacker                                     40     1   2  2  

Penalty Kill 4 Players Forward 
   Center                   Wing                     Time % Phy DF OF 
 1 Emerson Etem             Mike Brown               60     1   2  2  
 2 Colton Orr               Martin St. Pierre        40     1   2  2  

Penalty Kill 4 Players Defense
   Defense                  Defense                  Time % Phy DF OF 
 1 Steve Eminger            Korbinian Holzer         60     1   2  2  
 2 Greg Pateryn             Jesse Blacker            40     1   2  2  

Penalty Kill - 3 Players Forward 
   Forward                                           Time % Phy DF OF 
 1 Emerson Etem                                      60     1   2  2  
 2 Mike Brown                                        40     1   2  2  

Penalty Kill - 3 Players Defense
   Defense                  Defense                  Time % Phy DF OF 
 1 Steve Eminger            Korbinian Holzer         60     1   2  2  
 2 Greg Pateryn             Jesse Blacker            40     1   2  2  

4 vs 4 Forward 
   Center                   Wing                     Time % Phy DF OF 
 1 Emerson Etem             Mike Brown               60     1   2  2  
 2 Colton Orr               Martin St. Pierre        40     1   2  2  

4 vs 4 Defense
   Defense                  Defense                  Time % Phy DF OF 
 1 Steve Eminger            Korbinian Holzer         60     1   2  2  
 2 Greg Pateryn             Jesse Blacker            40     1   2  2  

Last Minutes Offensive
   Center                   Left Wing                Right Wing               Defense                  Defense                  
   Martin St. Pierre        Emerson Etem             Mike Brown               Steve Eminger            Korbinian Holzer         

Last Minutes Defensive
   Center                   Left Wing                Right Wing               Defense                  Defense                  
   Martin St. Pierre        Emerson Etem             Mike Brown               Steve Eminger            Korbinian Holzer         

Goaltenders
Starting : Jean-Francois Berube     
Backup : Cedrick Desjardins       

Extra Forwards
Normal : Kenny Ryan, Tyler Biggs, David Broll - PP : Kenny Ryan, Tyler Biggs - PK : David Broll
Extra Defensemen
Normal : Alex Petrovic, Andrew MacWilliam, Joe Finley - PP : Alex Petrovic - PK : Andrew MacWilliam, Joe Finley
Penalty Shots
Emerson Etem, Mike Brown, Colton Orr, Martin St. Pierre, Josh Leivo

Monsters

5 vs 5 Forward 
   Center                   Left Wing                Right Wing               Time % Phy DF OF 
 1 T.J. Hensick             Benn Ferriero            Andrej Nestrasil         35     1   2  2  
 2 Andrew Joudrey           Max Friberg              Paul Bissonnette         30     1   2  2  
 3 Tanner Richard           Raphael Bussieres        Brett Hextall            22     1   2  2  
 4 Farm Player72            Farm Player27            Farm Player18            13     1   2  2  

5 vs 5 Defense 
   Defense                  Defense                                           Time % Phy DF OF 
 1 Taylor Fedun             Mike Mottau                                       35     1   2  2  
 2 Matthew Corrente         Gleason Fournier                                  30     1   2  2  
 3 Farm Player12            Farm Player13                                     22     1   2  2  
 4 Taylor Fedun             Mike Mottau                                       13     1   2  2  

PowerPlay Forward 
   Center                   Left Wing                Right Wing               Time % Phy DF OF 
 1 T.J. Hensick             Benn Ferriero            Andrej Nestrasil         60     1   2  2  
 2 Andrew Joudrey           Max Friberg              Paul Bissonnette         40     1   2  2  

PowerPlay Defense
   Defense                  Defense                                           Time % Phy DF OF 
 1 Taylor Fedun             Mike Mottau                                       60     1   2  2  
 2 Matthew Corrente         Gleason Fournier                                  40     1   2  2  

Penalty Kill 4 Players Forward 
   Center                   Wing                     Time % Phy DF OF 
 1 Benn Ferriero            T.J. Hensick             60     1   2  2  
 2 Andrej Nestrasil         Max Friberg              40     1   2  2  

Penalty Kill 4 Players Defense
   Defense                  Defense                  Time % Phy DF OF 
 1 Taylor Fedun             Mike Mottau              60     1   2  2  
 2 Matthew Corrente         Gleason Fournier         40     1   2  2  

Penalty Kill - 3 Players Forward 
   Forward                                           Time % Phy DF OF 
 1 Benn Ferriero                                     60     1   2  2  
 2 T.J. Hensick                                      40     1   2  2  

Penalty Kill - 3 Players Defense
   Defense                  Defense                  Time % Phy DF OF 
 1 Taylor Fedun             Mike Mottau              60     1   2  2  
 2 Matthew Corrente         Gleason Fournier         40     1   2  2  

4 vs 4 Forward 
   Center                   Wing                     Time % Phy DF OF 
 1 Benn Ferriero            T.J. Hensick             60     1   2  2  
 2 Andrej Nestrasil         Max Friberg              40     1   2  2  

4 vs 4 Defense
   Defense                  Defense                  Time % Phy DF OF 
 1 Taylor Fedun             Mike Mottau              60     1   2  2  
 2 Matthew Corrente         Gleason Fournier         40     1   2  2  

Last Minutes Offensive
   Center                   Left Wing                Right Wing               Defense                  Defense                  
   T.J. Hensick             Benn Ferriero            Andrej Nestrasil         Taylor Fedun             Mike Mottau              

Last Minutes Defensive
   Center                   Left Wing                Right Wing               Defense                  Defense                  
   T.J. Hensick             Benn Ferriero            Andrej Nestrasil         Taylor Fedun             Mike Mottau              

Goaltenders
Starting : Farm Player100           
Backup : Farm Player80            

Extra Forwards
Normal : Raphael Bussieres, Tanner Richard, Brett Hextall - PP : Raphael Bussieres, Tanner Richard - PK : Brett Hextall
Extra Defensemen
Normal : Farm Player12, Farm Player13, Farm Player27 - PP : Farm Player12 - PK : Farm Player13, Farm Player27
Penalty Shots
Benn Ferriero, T.J. Hensick, Andrej Nestrasil, Max Friberg, Paul Bissonnette

% Time on Ice - Senators

Lines # - Real PCT - Wanted PCT - Time Play
Normal Forward
1 - 28% - 35% - 9:36
2 - 34% - 30% - 11:55
3 - 21% - 22% - 7:23
4 - 16% - 13% - 5:41
Normal Defense
1 - 35% - 35% - 12:11
2 - 29% - 30% - 10:12
3 - 28% - 22% - 9:38
4 - 7% - 13% - 2:34
PP Forward
1 - 55% - 60% - 4:12
2 - 45% - 40% - 3:27
PP Defense
1 - 57% - 60% - 4:23
2 - 43% - 40% - 3:16
PK Forward
1 - 81% - 60% - 14:21
2 - 19% - 40% - 3:25
PK Defense
1 - 55% - 60% - 9:42
2 - 45% - 40% - 8:04
PK3 Forward
1 - 0% - 60%
2 - 0% - 40%
PK3 Defense
1 - 0% - 60%
2 - 0% - 40%
44 Forward
1 - 0% - 60%
2 - 0% - 40%
44 Defense
1 - 0% - 60%
2 - 0% - 40%
Last Minute Offensive  - 0:00
Last Minute Defensive  - 0:00
Total
Forward - 60:00
Defense - 60:00

% Time on Ice - Monsters

Lines # - Real PCT - Wanted PCT - Time Play
Normal Forward
1 - 31% - 35% - 10:33
2 - 27% - 30% - 9:29
3 - 20% - 22% - 6:50
4 - 22% - 13% - 7:43
Normal Defense
1 - 36% - 35% - 12:17
2 - 29% - 30% - 10:06
3 - 32% - 22% - 11:03
4 - 3% - 13% - 1:09
PP Forward
1 - 50% - 60% - 8:54
2 - 50% - 40% - 8:52
PP Defense
1 - 48% - 60% - 8:37
2 - 52% - 40% - 9:09
PK Forward
1 - 71% - 60% - 5:27
2 - 29% - 40% - 2:12
PK Defense
1 - 44% - 60% - 3:23
2 - 56% - 40% - 4:16
PK3 Forward
1 - 0% - 60%
2 - 0% - 40%
PK3 Defense
1 - 0% - 60%
2 - 0% - 40%
44 Forward
1 - 0% - 60%
2 - 0% - 40%
44 Defense
1 - 0% - 60%
2 - 0% - 40%
Last Minute Offensive  - 0:00
Last Minute Defensive  - 0:00
Total
Forward - 60:00
Defense - 60:00

Play by Play

1st period


0:01 of 1st period - T.J. Hensick wins face-off versus Martin St. Pierre in neutral zone.
0:36 of 1st period - Slapshot by Benn Ferriero.
0:36 of 1st period - Shot Blocked by Korbinian Holzer.
0:38 of 1st period - Slapshot by Andrej Nestrasil.
0:38 of 1st period - Stopped by Jean-Francois Berube with a rebound.
1:18 of 1st period - Wrist shot by Colton Orr.
1:18 of 1st period - Stopped by Farm Player100 with a rebound.
1:20 of 1st period - Wrist shot by Josh Leivo.
1:20 of 1st period - Shot Blocked by Andrew Joudrey.
1:40 of 1st period - Wrist shot by Alex Petrovic.
1:40 of 1st period - Shot Blocked by Gleason Fournier.
2:09 of 1st period - Minor Penalty to Farm Player3 for Roughing.
2:10 of 1st period - T.J. Hensick wins face-off versus Emerson Etem in Senators zone.
2:30 of 1st period - Snap shot by Benn Ferriero.
2:30 of 1st period - Shot Misses the Net.
2:32 of 1st period - Snap shot by Andrej Nestrasil.
2:32 of 1st period - Shot Blocked by Steve Eminger.
4:09 of 1st period - Penalty to Farm Player3 is over, Farm Player3 is back on ice.
4:10 of 1st period - Slapshot by Max Friberg.
4:10 of 1st period - Stopped by Jean-Francois Berube without a rebound.
4:11 of 1st period - David Broll wins face-off versus Andrew Joudrey in Senators zone.
5:20 of 1st period - Wrist shot by Colton Orr.
5:20 of 1st period - Goal by Colton Orr - Senators : 1 - Monsters : 0.
5:21 of 1st period - T.J. Hensick wins face-off versus Emerson Etem in neutral zone.
6:25 of 1st period - Snap shot by Raphael Bussieres.
6:25 of 1st period - Shot Misses the Net.
6:37 of 1st period - Snap shot by Tanner Richard.
6:37 of 1st period - Stopped by Jean-Francois Berube with a rebound.
6:49 of 1st period - Snap shot by Tanner Richard.
6:49 of 1st period - Stopped by Jean-Francois Berube with a rebound.
6:51 of 1st period - Slapshot by Taylor Fedun.
6:51 of 1st period - Stopped by Jean-Francois Berube with a rebound.
6:53 of 1st period - Wrist shot by Tanner Richard.
6:53 of 1st period - Deflect By Raphael Bussieres.
6:53 of 1st period - Shot Misses the Net.
6:53 of 1st period - Puck is out of play.
6:54 of 1st period - David Broll wins face-off versus Farm Player72 in Senators zone.
7:06 of 1st period - Gleason Fournier is hit by Alex Petrovic and loses puck.
7:45 of 1st period - Mike Brown is hit by Matthew Corrente and loses puck.
8:24 of 1st period - Snap shot by Brad Ross.
8:24 of 1st period - Shot Misses the Net.
8:26 of 1st period - Wrist shot by Emerson Etem.
8:26 of 1st period - Shot Misses the Net.
8:28 of 1st period - Slapshot by Greg Pateryn.
8:28 of 1st period - Deflect By Taylor Fedun.
8:28 of 1st period - Goal by Greg Pateryn - Senators : 2 - Monsters : 0.
8:29 of 1st period - T.J. Hensick wins face-off versus Evan Trupp in neutral zone.
8:33 of 1st period - Minor Penalty to Colton Orr for Tripping.
8:34 of 1st period - Emerson Etem wins face-off versus Andrej Nestrasil in Senators zone.
8:42 of 1st period - Mike Brown is hit by Mike Mottau and loses puck.
9:05 of 1st period - Snap shot by T.J. Hensick.
9:05 of 1st period - Stopped by Jean-Francois Berube without a rebound.
9:06 of 1st period - Andrew Joudrey wins face-off versus Mike Brown in Senators zone.
9:17 of 1st period - Snap shot by Max Friberg.
9:17 of 1st period - Shot Misses the Net.
9:19 of 1st period - Snap shot by Max Friberg.
9:19 of 1st period - Stopped by Jean-Francois Berube with a rebound.
9:21 of 1st period - Snap shot by Paul Bissonnette.
9:21 of 1st period - Shot Misses the Net.
10:10 of 1st period - Steve Eminger is hit by Andrej Nestrasil and loses puck.
10:33 of 1st period - Penalty to Colton Orr is over, Colton Orr is back on ice.
10:33 of 1st period - Slapshot by Taylor Fedun.
10:33 of 1st period - Stopped by Jean-Francois Berube with a rebound.
10:35 of 1st period - Snap shot by Andrew Joudrey.
10:35 of 1st period - Stopped by Jean-Francois Berube with a rebound.
10:54 of 1st period - Slapshot by Taylor Fedun.
10:54 of 1st period - Stopped by Jean-Francois Berube without a rebound.
10:55 of 1st period - Tanner Richard wins face-off versus Farm Player3 in Senators zone.
11:41 of 1st period - Wrist shot by Colton Orr.
11:41 of 1st period - Shot Blocked by Farm Player18.
11:43 of 1st period - Slapshot by Evan Trupp.
11:43 of 1st period - Shot Blocked by Farm Player12.
11:45 of 1st period - Slapshot by Andrew MacWilliam.
11:45 of 1st period - Stopped by Farm Player100 with a rebound.
11:47 of 1st period - Snap shot by Josh Leivo.
11:47 of 1st period - Shot Blocked by Farm Player13.
11:49 of 1st period - Snap shot by Colton Orr.
11:49 of 1st period - Stopped by Farm Player100 with a rebound.
11:51 of 1st period - Snap shot by Evan Trupp.
11:51 of 1st period - Stopped by Farm Player100 with a rebound.
11:53 of 1st period - Wrist shot by Alex Petrovic.
11:53 of 1st period - Shot Misses the Net.
12:07 of 1st period - Snap shot by Colton Orr.
12:07 of 1st period - Stopped by Farm Player100 without a rebound.
12:08 of 1st period - T.J. Hensick wins face-off versus Farm Player3 in Monsters zone.
12:17 of 1st period - Wrist shot by David Broll.
12:17 of 1st period - Shot Misses the Net.
12:39 of 1st period - Wrist shot by Benn Ferriero.
12:39 of 1st period - Shot Misses the Net.
12:41 of 1st period - Slapshot by T.J. Hensick.
12:41 of 1st period - Stopped by Jean-Francois Berube without a rebound.
12:42 of 1st period - Evan Trupp wins face-off versus Andrew Joudrey in Senators zone.
12:51 of 1st period - Snap shot by Evan Trupp.
12:51 of 1st period - Shot Misses the Net.
12:53 of 1st period - Slapshot by Greg Pateryn.
12:53 of 1st period - Stopped by Farm Player100 with a rebound.
14:41 of 1st period - Snap shot by Emerson Etem.
14:41 of 1st period - Deflect By Mike Brown.
14:41 of 1st period - Shot Misses the Net.
14:41 of 1st period - Puck is out of play.
14:42 of 1st period - Martin St. Pierre wins face-off versus T.J. Hensick in Monsters zone.
16:01 of 1st period - Max Friberg is hit by Mike Brown and loses puck.
16:06 of 1st period - Wrist shot by Mike Brown.
16:06 of 1st period - Shot Misses the Net.
16:14 of 1st period - Minor Penalty to Farm Player13 for Interference.
16:15 of 1st period - Benn Ferriero wins face-off versus Evan Trupp in Monsters zone.
17:44 of 1st period - Snap shot by Colton Orr.
17:44 of 1st period - Shot Blocked by Taylor Fedun.
17:56 of 1st period - Slapshot by Mike Brown.
17:56 of 1st period - Goal by Mike Brown - Senators : 3 - Monsters : 0.
17:57 of 1st period - Farm Player3 wins face-off versus Andrew Joudrey in neutral zone.
18:03 of 1st period - Minor Penalty to Matthew Corrente for Hooking.
18:04 of 1st period - Martin St. Pierre wins face-off versus Benn Ferriero in Monsters zone.
18:39 of 1st period - Andrej Nestrasil is hit by Evan Trupp and loses puck.
Goals for this period are 3 for Senators vs 0 for Monsters.
Shots for this period are 9 for Senators vs 11 for Monsters.

2nd period


0:01 of 2nd period - Benn Ferriero wins face-off versus Emerson Etem in neutral zone.
0:03 of 2nd period - Penalty to Matthew Corrente is over, Matthew Corrente is back on ice.
0:13 of 2nd period - Snap shot by Mike Brown.
0:13 of 2nd period - Shot Misses the Net.
0:15 of 2nd period - Snap shot by Mike Brown.
0:15 of 2nd period - Shot Misses the Net.
0:17 of 2nd period - Wrist shot by Martin St. Pierre.
0:17 of 2nd period - Shot Blocked by Mike Mottau.
1:26 of 2nd period - Paul Bissonnette and David Broll fight to a draw.
1:26 of 2nd period - Penalty to Paul Bissonnette for Fighting.
1:26 of 2nd period - Penalty to David Broll for Fighting.
1:27 of 2nd period - Andrew Joudrey wins face-off versus Martin St. Pierre in Senators zone.
1:44 of 2nd period - Snap shot by Max Friberg.
1:44 of 2nd period - Stopped by Jean-Francois Berube with a rebound.
1:46 of 2nd period - Slapshot by Farm Player13.
1:46 of 2nd period - Shot Blocked by Korbinian Holzer.
1:48 of 2nd period - Snap shot by Andrew Joudrey.
1:48 of 2nd period - Stopped by Jean-Francois Berube with a rebound.
1:50 of 2nd period - Slapshot by Andrew Joudrey.
1:50 of 2nd period - Deflect By Max Friberg.
1:50 of 2nd period - Shot Misses the Net.
1:50 of 2nd period - Puck is out of play.
1:51 of 2nd period - Farm Player72 wins face-off versus Evan Trupp in Senators zone.
2:01 of 2nd period - Icing by Colton Orr.
2:02 of 2nd period - Farm Player72 wins face-off versus Evan Trupp in Senators zone.
2:02 of 2nd period - Taylor Fedun is hit by Greg Pateryn and loses puck.
2:27 of 2nd period - Wrist shot by Josh Leivo.
2:27 of 2nd period - Shot Blocked by Mike Mottau.
2:29 of 2nd period - Wrist shot by Evan Trupp.
2:29 of 2nd period - Stopped by Farm Player100 without a rebound.
2:30 of 2nd period - T.J. Hensick wins face-off versus Martin St. Pierre in Monsters zone.
2:48 of 2nd period - Off-side.
2:49 of 2nd period - T.J. Hensick wins face-off versus Martin St. Pierre in neutral zone.
3:30 of 2nd period - Wrist shot by Andrew Joudrey.
3:30 of 2nd period - Shot Blocked by Colton Orr.
3:59 of 2nd period - Raphael Bussieres is hit by Colton Orr and loses puck.
4:24 of 2nd period - Slapshot by Taylor Fedun.
4:24 of 2nd period - Goal by Taylor Fedun - Senators : 3 - Monsters : 1.
4:25 of 2nd period - Martin St. Pierre wins face-off versus Benn Ferriero in neutral zone.
4:36 of 2nd period - Taylor Fedun is hit by Mike Brown and loses puck.
4:52 of 2nd period - Icing by Mike Brown.
4:53 of 2nd period - Martin St. Pierre wins face-off versus Farm Player72 in Senators zone.
5:00 of 2nd period - Slapshot by Greg Pateryn.
5:00 of 2nd period - Stopped by Farm Player100 without a rebound.
5:01 of 2nd period - Evan Trupp wins face-off versus Farm Player18 in Monsters zone.
5:30 of 2nd period - Wrist shot by Colton Orr.
5:30 of 2nd period - Shot Misses the Net.
5:32 of 2nd period - Snap shot by Evan Trupp.
5:32 of 2nd period - Deflect By Josh Leivo.
5:32 of 2nd period - Shot Blocked by Gleason Fournier.
5:32 of 2nd period - Puck is out of play.
5:33 of 2nd period - Martin St. Pierre wins face-off versus T.J. Hensick in Monsters zone.
5:36 of 2nd period - Wrist shot by Emerson Etem.
5:36 of 2nd period - Shot Misses the Net.
6:11 of 2nd period - Andrej Nestrasil and Mike Brown fight to a draw.
6:11 of 2nd period - Penalty to Andrej Nestrasil for Fighting.
6:11 of 2nd period - Penalty to Mike Brown for Fighting.
6:11 of 2nd period - Penalty to Andrej Nestrasil for instigated a fight.
6:11 of 2nd period - Penalty to Andrej Nestrasil for instigated a fight.
6:12 of 2nd period - Benn Ferriero wins face-off versus Evan Trupp in Senators zone.
6:26 of 2nd period - Penalty to Paul Bissonnette is over, Paul Bissonnette is back on ice.
6:29 of 2nd period - Snap shot by Josh Leivo.
6:29 of 2nd period - Shot Misses the Net.
6:39 of 2nd period - Wrist shot by Colton Orr.
6:39 of 2nd period - Shot Blocked by T.J. Hensick.
6:41 of 2nd period - Slapshot by Steve Eminger.
6:41 of 2nd period - Deflect By T.J. Hensick.
6:41 of 2nd period - Stopped by Farm Player100 with a rebound.
6:45 of 2nd period - Snap shot by Josh Leivo.
6:45 of 2nd period - Stopped by Farm Player100 with a rebound.
6:47 of 2nd period - Slapshot by Steve Eminger.
6:47 of 2nd period - Deflect By T.J. Hensick.
6:47 of 2nd period - Stopped by Farm Player100 with a rebound.
6:49 of 2nd period - Slapshot by Korbinian Holzer.
6:49 of 2nd period - Shot Blocked by Taylor Fedun.
7:55 of 2nd period - Matthew Corrente is hit by Emerson Etem and loses puck.
8:11 of 2nd period - Penalty to Andrej Nestrasil is over, Farm Player12 is send on ice.
8:34 of 2nd period - Wrist shot by Kenny Ryan.
8:34 of 2nd period - Shot Blocked by Farm Player13.
9:10 of 2nd period - Brad Ross is hit by Farm Player18 and loses puck.
9:27 of 2nd period - Off-side.
9:28 of 2nd period - Evan Trupp wins face-off versus Andrew Joudrey in neutral zone.
9:57 of 2nd period - Snap shot by Paul Bissonnette.
9:57 of 2nd period - Stopped by Jean-Francois Berube with a rebound.
10:24 of 2nd period - Kenny Ryan is hit by Brett Hextall and loses puck.
10:39 of 2nd period - Snap shot by Steve Eminger.
10:39 of 2nd period - Stopped by Farm Player100 with a rebound.
10:41 of 2nd period - Wrist shot by Steve Eminger.
10:41 of 2nd period - Deflect By Emerson Etem.
10:41 of 2nd period - Stopped by Farm Player100 without a rebound.
10:42 of 2nd period - Martin St. Pierre wins face-off versus Farm Player72 in Monsters zone.
11:26 of 2nd period - Wrist shot by Evan Trupp.
11:26 of 2nd period - Shot Misses the Net.
11:28 of 2nd period - Snap shot by Josh Leivo.
11:28 of 2nd period - Shot Blocked by Farm Player12.
12:20 of 2nd period - Gleason Fournier is hit by Alex Petrovic and loses puck.
13:07 of 2nd period - Brad Ross is hit by Taylor Fedun and loses puck.
13:26 of 2nd period - Slapshot by Farm Player13.
13:26 of 2nd period - Shot Blocked by Jesse Blacker.
13:44 of 2nd period - Max Friberg is hit by Greg Pateryn and loses puck.
13:57 of 2nd period - Snap shot by Martin St. Pierre.
13:57 of 2nd period - Deflect By Mike Brown.
13:57 of 2nd period - Shot Misses the Net.
13:57 of 2nd period - Puck is out of play.
13:58 of 2nd period - Martin St. Pierre wins face-off versus T.J. Hensick in Monsters zone.
14:03 of 2nd period - Minor Penalty to Mike Mottau for Hooking.
14:04 of 2nd period - Benn Ferriero wins face-off versus Evan Trupp in Monsters zone.
14:19 of 2nd period - Snap shot by Evan Trupp.
14:19 of 2nd period - Shot Misses the Net.
14:41 of 2nd period - Slapshot by Taylor Fedun.
14:41 of 2nd period - Shot Misses the Net.
15:27 of 2nd period - Snap shot by Benn Ferriero.
15:27 of 2nd period - Stopped by Jean-Francois Berube with a rebound.
15:56 of 2nd period - Wrist shot by Mike Brown.
15:56 of 2nd period - Shot Misses the Net.
16:03 of 2nd period - Penalty to Mike Mottau is over, Mike Mottau is back on ice.
16:04 of 2nd period - Steve Eminger is hit by Brett Hextall and loses puck.
16:47 of 2nd period - Slapshot by Greg Pateryn.
16:47 of 2nd period - Shot Misses the Net.
16:49 of 2nd period - Slapshot by Jesse Blacker.
16:49 of 2nd period - Shot Misses the Net.
16:57 of 2nd period - Jesse Blacker is hit by Farm Player27.
17:32 of 2nd period - Slapshot by Colton Orr.
17:32 of 2nd period - Deflect By Max Friberg.
17:32 of 2nd period - Shot Blocked by Andrew Joudrey.
17:32 of 2nd period - Puck is out of play.
17:33 of 2nd period - Andrew Joudrey wins face-off versus Evan Trupp in Monsters zone.
18:02 of 2nd period - Snap shot by Raphael Bussieres.
18:02 of 2nd period - Deflect By Tanner Richard.
18:02 of 2nd period - Shot Blocked by Greg Pateryn.
18:02 of 2nd period - Puck is out of play.
18:03 of 2nd period - Tanner Richard wins face-off versus David Broll in Senators zone.
18:18 of 2nd period - Slapshot by Raphael Bussieres.
18:18 of 2nd period - Stopped by Jean-Francois Berube with a rebound.
18:20 of 2nd period - Wrist shot by Mike Mottau.
18:20 of 2nd period - Deflect By Raphael Bussieres.
18:20 of 2nd period - Stopped by Jean-Francois Berube without a rebound.
18:21 of 2nd period - Farm Player3 wins face-off versus Farm Player72 in Senators zone.
18:30 of 2nd period - Slapshot by Mike Mottau.
18:30 of 2nd period - Shot Misses the Net.
18:53 of 2nd period - Slapshot by Taylor Fedun.
18:53 of 2nd period - Stopped by Jean-Francois Berube with a rebound.
18:55 of 2nd period - Slapshot by Taylor Fedun.
18:55 of 2nd period - Stopped by Jean-Francois Berube with a rebound.
18:57 of 2nd period - Snap shot by Farm Player18.
18:57 of 2nd period - Stopped by Jean-Francois Berube without a rebound.
18:58 of 2nd period - Evan Trupp wins face-off versus Benn Ferriero in Senators zone.
18:58 of 2nd period - Evan Trupp is hit by T.J. Hensick.
19:36 of 2nd period - Snap shot by T.J. Hensick.
19:36 of 2nd period - Shot Misses the Net.
Goals for this period are 0 for Senators vs 1 for Monsters.
Shots for this period are 7 for Senators vs 10 for Monsters.

3rd period


0:01 of 3rd period - T.J. Hensick wins face-off versus Martin St. Pierre in neutral zone.
0:14 of 3rd period - Snap shot by Benn Ferriero.
0:14 of 3rd period - Shot Misses the Net.
0:16 of 3rd period - Slapshot by Taylor Fedun.
0:16 of 3rd period - Stopped by Jean-Francois Berube with a rebound.
0:18 of 3rd period - Snap shot by T.J. Hensick.
0:18 of 3rd period - Shot Misses the Net.
0:26 of 3rd period - Wrist shot by Benn Ferriero.
0:26 of 3rd period - Shot Blocked by Martin St. Pierre.
0:43 of 3rd period - Minor Penalty to Mike Brown for Interference.
0:44 of 3rd period - Andrew Joudrey wins face-off versus Emerson Etem in Senators zone.
0:57 of 3rd period - David Broll is hit by Gleason Fournier and loses puck.
1:11 of 3rd period - 10 Minutes Misconduct Penalty to Andrej Nestrasil is over.
1:41 of 3rd period - Greg Pateryn is hit by Benn Ferriero and loses puck.
2:36 of 3rd period - Off-side.
2:37 of 3rd period - Andrew Joudrey wins face-off versus Farm Player3 in neutral zone.
2:43 of 3rd period - Penalty to Mike Brown is over, Mike Brown is back on ice.
2:56 of 3rd period - Wrist shot by Mike Brown.
2:56 of 3rd period - Stopped by Farm Player100 with a rebound.
3:03 of 3rd period - Taylor Fedun and Mike Brown fight to a draw.
3:03 of 3rd period - Penalty to Taylor Fedun for Fighting.
3:03 of 3rd period - Penalty to Mike Brown for Fighting.
3:03 of 3rd period - Penalty to Mike Brown for instigated a fight.
3:03 of 3rd period - Penalty to Mike Brown for instigated a fight.
3:04 of 3rd period - T.J. Hensick wins face-off versus Emerson Etem in neutral zone.
3:34 of 3rd period - Icing by Gleason Fournier.
3:35 of 3rd period - T.J. Hensick wins face-off versus Emerson Etem in Monsters zone.
4:10 of 3rd period - Wrist shot by Josh Leivo.
4:10 of 3rd period - Shot Misses the Net.
5:03 of 3rd period - Penalty to Mike Brown is over, Colton Orr is send on ice.
5:23 of 3rd period - Snap shot by Josh Leivo.
5:23 of 3rd period - Stopped by Farm Player100 with a rebound.
5:27 of 3rd period - Slapshot by Colton Orr.
5:27 of 3rd period - Shot Misses the Net.
5:29 of 3rd period - Wrist shot by Evan Trupp.
5:29 of 3rd period - Goal by Evan Trupp - Senators : 4 - Monsters : 1.
5:29 of 3rd period - Farm Player80 enters game.
5:30 of 3rd period - Evan Trupp wins face-off versus Tanner Richard in neutral zone.
5:30 of 3rd period - Colton Orr beats up Matthew Corrente.
5:30 of 3rd period - Penalty to Matthew Corrente for Fighting.
5:30 of 3rd period - Penalty to Colton Orr for Fighting.
5:31 of 3rd period - T.J. Hensick wins face-off versus Evan Trupp in neutral zone.
5:44 of 3rd period - Kenny Ryan is hit by Andrej Nestrasil and loses puck.
5:58 of 3rd period - Slapshot by Steve Eminger.
5:58 of 3rd period - Shot Blocked by Benn Ferriero.
6:00 of 3rd period - Wrist shot by Josh Leivo.
6:00 of 3rd period - Shot Misses the Net.
6:02 of 3rd period - Wrist shot by Steve Eminger.
6:02 of 3rd period - Stopped by Farm Player80 with a rebound.
6:04 of 3rd period - Snap shot by Evan Trupp.
6:04 of 3rd period - Shot Blocked by Gleason Fournier.
6:06 of 3rd period - Wrist shot by Josh Leivo.
6:06 of 3rd period - Shot Misses the Net.
6:08 of 3rd period - Snap shot by Korbinian Holzer.
6:08 of 3rd period - Shot Blocked by Gleason Fournier.
6:48 of 3rd period - Double Minor Penalty to Emerson Etem for Roughing.
6:49 of 3rd period - Andrew Joudrey wins face-off versus Farm Player3 in Senators zone.
6:53 of 3rd period - Backhand shot by Paul Bissonnette.
6:53 of 3rd period - Shot Blocked by Greg Pateryn.
6:55 of 3rd period - Wrist shot by Andrew Joudrey.
6:55 of 3rd period - Stopped by Jean-Francois Berube without a rebound.
6:56 of 3rd period - Andrew Joudrey wins face-off versus David Broll in Senators zone.
7:05 of 3rd period - Backhand shot by Andrew Joudrey.
7:05 of 3rd period - Shot Blocked by Jesse Blacker.
7:07 of 3rd period - Slapshot by Mike Mottau.
7:07 of 3rd period - Stopped by Jean-Francois Berube with a rebound.
7:09 of 3rd period - Snap shot by Mike Mottau.
7:09 of 3rd period - Stopped by Jean-Francois Berube without a rebound.
7:10 of 3rd period - David Broll wins face-off versus Andrew Joudrey in Senators zone.
7:10 of 3rd period - David Broll is hit by Paul Bissonnette.
7:26 of 3rd period - Snap shot by Paul Bissonnette.
7:26 of 3rd period - Shot Blocked by Jesse Blacker.
7:28 of 3rd period - Snap shot by Andrew Joudrey.
7:28 of 3rd period - Shot Misses the Net.
7:40 of 3rd period - Snap shot by Max Friberg.
7:40 of 3rd period - Stopped by Jean-Francois Berube without a rebound.
7:41 of 3rd period - David Broll wins face-off versus T.J. Hensick in Senators zone.
8:03 of 3rd period - Penalty to Mike Brown is over, Kenny Ryan is send on ice.
8:16 of 3rd period - Snap shot by Paul Bissonnette.
8:16 of 3rd period - Shot Misses the Net.
8:18 of 3rd period - Wrist shot by Andrew Joudrey.
8:18 of 3rd period - Stopped by Jean-Francois Berube with a rebound.
8:20 of 3rd period - Snap shot by Paul Bissonnette.
8:20 of 3rd period - Shot Misses the Net.
9:23 of 3rd period - Slapshot by Jesse Blacker.
9:23 of 3rd period - Stopped by Farm Player80 with a rebound.
9:54 of 3rd period - Jesse Blacker is hit by Paul Bissonnette and loses puck.
10:15 of 3rd period - Benn Ferriero is hit by Josh Leivo and loses puck.
10:30 of 3rd period - Penalty to Colton Orr is over, Colton Orr is back on ice.
10:48 of 3rd period - Penalty to Emerson Etem is over, Emerson Etem is back on ice.
11:34 of 3rd period - Tyler Biggs is hit by Matthew Corrente and loses puck.
11:45 of 3rd period - Snap shot by Brett Hextall.
11:45 of 3rd period - Stopped by Jean-Francois Berube with a rebound.
11:59 of 3rd period - Slapshot by Taylor Fedun.
11:59 of 3rd period - Shot Blocked by Brad Ross.
12:27 of 3rd period - Minor Penalty to Colton Orr for Tripping.
12:28 of 3rd period - T.J. Hensick wins face-off versus Emerson Etem in Senators zone.
13:17 of 3rd period - Evan Trupp is hit by Mike Mottau and loses puck.
13:59 of 3rd period - Evan Trupp is hit by Gleason Fournier and loses puck.
14:27 of 3rd period - Penalty to Colton Orr is over, Colton Orr is back on ice.
14:38 of 3rd period - Snap shot by Colton Orr.
14:38 of 3rd period - Goal by Colton Orr - Senators : 5 - Monsters : 1.
14:39 of 3rd period - Evan Trupp wins face-off versus Farm Player72 in neutral zone.
14:58 of 3rd period - Snap shot by Farm Player72.
14:58 of 3rd period - Shot Misses the Net.
15:00 of 3rd period - Wrist shot by Farm Player18.
15:00 of 3rd period - Stopped by Jean-Francois Berube with a rebound.
15:26 of 3rd period - Minor Penalty to Alex Petrovic for Holding.
15:27 of 3rd period - T.J. Hensick wins face-off versus Emerson Etem in Senators zone.
15:57 of 3rd period - Icing by Taylor Fedun.
15:58 of 3rd period - Colton Orr wins face-off versus T.J. Hensick in Monsters zone.
16:13 of 3rd period - Jesse Blacker is hit by Max Friberg and loses puck.
16:18 of 3rd period - Snap shot by Paul Bissonnette.
16:18 of 3rd period - Stopped by Jean-Francois Berube without a rebound.
16:19 of 3rd period - Andrew Joudrey wins face-off versus Emerson Etem in Senators zone.
17:26 of 3rd period - Penalty to Alex Petrovic is over, Alex Petrovic is back on ice.
17:41 of 3rd period - Icing by Farm Player12.
17:42 of 3rd period - Evan Trupp wins face-off versus T.J. Hensick in Monsters zone.
17:45 of 3rd period - Snap shot by Josh Leivo.
17:45 of 3rd period - Deflect By T.J. Hensick.
17:45 of 3rd period - Stopped by Farm Player80 with a rebound.
17:47 of 3rd period - Snap shot by Evan Trupp.
17:47 of 3rd period - Deflect By Colton Orr.
17:47 of 3rd period - Shot Misses the Net.
17:47 of 3rd period - Puck is out of play.
17:48 of 3rd period - Evan Trupp wins face-off versus Tanner Richard in Monsters zone.
18:01 of 3rd period - Wrist shot by Colton Orr.
18:01 of 3rd period - Stopped by Farm Player80 with a rebound.
18:03 of 3rd period - 10 Minutes Misconduct Penalty to Mike Brown is over.
18:03 of 3rd period - Wrist shot by Colton Orr.
18:03 of 3rd period - Shot Blocked by Farm Player13.
18:05 of 3rd period - Slapshot by Colton Orr.
18:05 of 3rd period - Goal by Colton Orr - Senators : 6 - Monsters : 1.
18:06 of 3rd period - Tanner Richard wins face-off versus Farm Player3 in neutral zone.
18:06 of 3rd period - Greg Pateryn beats up Matthew Corrente.
18:06 of 3rd period - Penalty to Matthew Corrente for Fighting.
18:06 of 3rd period - Penalty to Greg Pateryn for Fighting.
18:06 of 3rd period - Penalty to Greg Pateryn for instigated a fight.
18:06 of 3rd period - Penalty to Greg Pateryn for instigated a fight.
18:07 of 3rd period - Andrew Joudrey wins face-off versus Colton Orr in neutral zone.
18:34 of 3rd period - Snap shot by Andrew Joudrey.
18:34 of 3rd period - Shot Blocked by Mike Brown.
18:38 of 3rd period - Slapshot by Max Friberg.
18:38 of 3rd period - Deflect By Paul Bissonnette.
18:38 of 3rd period - Stopped by Jean-Francois Berube with a rebound.
18:40 of 3rd period - Wrist shot by Max Friberg.
18:40 of 3rd period - Stopped by Jean-Francois Berube with a rebound.
18:42 of 3rd period - Wrist shot by Taylor Fedun.
18:42 of 3rd period - Shot Blocked by Korbinian Holzer.
18:44 of 3rd period - Snap shot by Andrew Joudrey.
18:44 of 3rd period - Stopped by Jean-Francois Berube with a rebound.
19:00 of 3rd period - Steve Eminger is hit by Andrej Nestrasil and loses puck.
19:15 of 3rd period - Wrist shot by T.J. Hensick.
19:15 of 3rd period - Shot Blocked by Steve Eminger.
19:59 of 3rd period - Emerson Etem is hit by T.J. Hensick and loses puck.
Goals for this period are 3 for Senators vs 0 for Monsters.
Shots for this period are 9 for Senators vs 12 for Monsters.


Output by the SimonT Hockey Simulator (STHS) for Eric Dolegowski -- Original Page W3C XHTML 1.0 Valid
Hockey Simulator - Hockey Simulation - Hockey Manager